 Dungeon Crawl Stone Soup version 0.29.1-2-gbd0b4ee654 (webtiles) character file.

Game seed: 5818909533526431920

98 fleeber the Conjurer (level 4, 0/24 HPs)
             Began as a Deep Elf Conjurer on Nov 5, 2022.
             Slain by Ijyb
             ... wielding a +0 dagger
              (4 damage)
             ... on level 4 of the Dungeon.
             The game lasted 00:24:02 (3756 turns).

fleeber the Conjurer (Deep Elf Conjurer)            Turns: 3756, Time: 00:24:02

Health: 0/24       AC:  2    Str:  4    XL:     4   Next: 43%
Magic:  6/13       EV: 12    Int: 25    God:
Gold:   113        SH:  0    Dex: 13    Spells: 12/13 levels left

rFire   . . .      SeeInvis .   e - +0 dagger
rCold   . . .      Faith    .   (no shield)
rNeg    . . .      Spirit   .   a - +0 robe
rPois   .          Reflect  .   (no helmet)
rElec   .          Harm     .   (no cloak)
rCorr   .          Rampage  .   (no gloves)
Will    .....                   (no boots)
Stlth   ++........              (no amulet)
HPRegen 0.08/turn               (no ring)
MPRegen 0.13/turn               (no ring)

@: very slightly contaminated
A: no striking features
a: no special abilities


You were on level 4 of the Dungeon.
You visited 1 branch of the dungeon, and saw 4 of its levels.

You collected 113 gold pieces.

Inventory:

Hand Weapons
 e - a +0 dagger (weapon)
 q - a +1 falchion of holy wrath
Missiles
 r - a throwing net
Armour
 a - a +0 robe (worn)
Scrolls
 c - 2 scrolls of identify {unknown}
 i - a scroll of torment {unknown}
 k - a scroll of blinking {unknown}
 p - a scroll of teleportation {unknown}
 s - 2 scrolls of fear {unknown}
 u - a scroll of fog {unknown}
Potions
 b - a potion of magic
 d - 5 potions of degeneration {unknown}
 f - a potion of heal wounds {unknown}
 g - a potion of flight {unknown}
 h - a potion of cancellation {unknown}
 j - a potion of ambrosia {unknown}
 l - a potion of invisibility {unknown}
 m - 2 potions of lignification {unknown}
 n - a potion of haste {unknown}
 o - a potion of resistance {unknown}
 t - a potion of curing {unknown}


   Skills:
 - Level 2.4 Dodging
 - Level 2.4 Stealth
 - Level 5.0 Spellcasting
 + Level 5.5 Conjurations


You had 12 spell levels left.
You knew the following spells:

 Your Spells              Type           Power      Damage    Failure   Level
a - Magic Dart            Conj           100%       1d8       1%          1

Your spell library contained the following spells:

 Spells                   Type           Power      Damage    Failure   Level
 Searing Ray              Conj           68%        2d6       1%          2
 Dazzling Flash           Conj/Hex       40%        N/A       8%          3
 Sting                    Tmut/Pois      24%        1d4       9%          1
 Poisonous Vapours        Pois/Air       12%        N/A       12%         2
 Ozocubu's Armour         Ice            6%         N/A       24%         3
 Fulminant Prism          Conj/Hex       10%        3d9       26%         4
 Iskenderun's Mystic Bla  Conj/Tloc      20%        2d6       26%         4
 Olgreb's Toxic Radiance  Pois           6%         N/A       63%         4
 Metabolic Englaciation   Hex/Ice        3%         N/A       92%         5
 Simulacrum               Ice/Necr       3%         N/A       100%        6


Dungeon Overview and Level Annotations

Branches:
Dungeon (4/15)
 Temple: D:4-7

Altars:

Annotations:
D:4 Grinder, Ijyb


Message History

Ijyb hits you with a +0 dagger.
Aiming: Magic Dart (safe; 1% risk of failure)
Press: ? - help, Q - select action, (/) - cycle Shift-Dir - straight line, f/p - Ijyb
Aim: Ijyb, wielding a +0 dagger, wearing a +0 leather armour and carrying a wand of flame (26) (lightly wounded, 100% to hit)
The magic dart hits Ijyb but does no damage.
Ijyb is lightly wounded.
Ijyb hits you with a +0 dagger.
Aiming: Magic Dart (safe; 1% risk of failure)
Press: ? - help, Q - select action, (/) - cycle Shift-Dir - straight line, f/p - Ijyb
Aim: Ijyb, wielding a +0 dagger, wearing a +0 leather armour and carrying a wand of flame (26) (lightly wounded, 100% to hit)
The magic dart hits Ijyb but does no damage.
Ijyb is lightly wounded.
Ijyb hits you but does no damage.
Aiming: Magic Dart (safe; 1% risk of failure)
Press: ? - help, Q - select action, (/) - cycle Shift-Dir - straight line, f/p - Ijyb
Aim: Ijyb, wielding a +0 dagger, wearing a +0 leather armour and carrying a wand of flame (26) (lightly wounded, 100% to hit)
The magic dart hits Ijyb but does no damage.
Ijyb is lightly wounded.
Ijyb hits you with a +0 dagger.
Aiming: Magic Dart (safe; 1% risk of failure)
Press: ? - help, Q - select action, (/) - cycle Shift-Dir - straight line, f/p - Ijyb
Aim: Ijyb, wielding a +0 dagger, wearing a +0 leather armour and carrying a wand of flame (26) (lightly wounded, 100% to hit)
The magic dart hits Ijyb.
Ijyb is moderately wounded.
Ijyb hits you with a +0 dagger.
Aiming: Magic Dart (safe; 1% risk of failure)
Press: ? - help, Q - select action, (/) - cycle Shift-Dir - straight line, f/p - Ijyb
Aim: Ijyb, wielding a +0 dagger, wearing a +0 leather armour and carrying a wand of flame (26) (moderately wounded, 100% to hit)
You miscast Magic Dart.
You are very lightly contaminated with residual magic.
Nothing appears to happen.
Ijyb zaps a wand.
The puff of flame hits you!
* * * LOW HITPOINT WARNING * * *
Aiming: Magic Dart (safe; 1% risk of failure)
Press: ? - help, Q - select action, (/) - cycle Shift-Dir - straight line, f/p - Ijyb
Aim: Ijyb, wielding a +0 dagger, wearing a +0 leather armour and carrying a wand of flame (25) (moderately wounded, 100% to hit)
The magic dart hits Ijyb but does no damage.
Ijyb is moderately wounded.
Ijyb hits you with a +0 dagger.
You die...

#.....# #.....##
#)..!..
#####.....#
.........#
.......# #.....###
######### #<......
#.....@.#
#...##.###
#......g# o)†.###
......$...........
.............####
###........###
...........
o...##.###### o...
..


You could see Ijyb.

Vanquished Creatures
  2 adders
  A worm (D:2)
  A dart slug (D:2)
  10 orcs
  3 bats (D:2)
  10 endoplasms
  6 giant cockroaches
  2 goblins
  2 hobgoblins
  5 kobolds
  3 quokkas
  7 ball pythons
  3 frilled lizards
  7 rats
62 creatures vanquished.

Notes
Turn   | Place    | Note
-------+----------+-------------------------------------------
     0 | D:1      | fleeber the Deep Elf Conjurer began the quest for the Orb.
     0 | D:1      | Reached XP level 1. HP: 10/10 MP: 6/6
   329 | D:1      | Reached XP level 2. HP: 15/15 MP: 3/9
   960 | D:2      | Found a faded altar of an unknown god.
  1302 | D:2      | Reached XP level 3. HP: 19/19 MP: 7/11
  1351 | D:2      | Reached skill level 5 in Spellcasting
  2189 | D:3      | Reached skill level 5 in Conjurations
  2433 | D:3      | Reached XP level 4. HP: 24/24 MP: 2/13
  2760 | D:3      | Noticed a black bear
  3518 | D:4      | Noticed Grinder
  3518 | D:4      | Paralysed by Grinder for 2 turns
  3607 | D:4      | Noticed Ijyb
  3756 | D:4      | Slain by Ijyb

Illustrated notes

Levels and vault maps discovered:
D:1:      dpeg_arrival_renting, layout_basic
D:2:      layout_loops_cross, shapermc_ecumenical_altar_starsandcircs,
          minmay_bisected
D:3:      layout_basic
D:4:      layout_rooms, minmay_temple_entry_slanted, uniq_grinder, uniq_ijyb

Skill      XL: |  1  2  3 |
---------------+----------+-----
Spellcasting   | 4 5 |  5.0
Conjurations   | 5 |  5.5
Dodging        | |  2.4
Stealth        | |  2.4

Action                   |  1- 3 |  4- 6 || total
-------------------------+-------+-------++-------
 Cast: Magic Dart        |    99 |    41 ||   140
Armor: Robe              |     1 |     1 ||     2
Dodge: Dodged            |     4 |     1 ||     5
